 Dungeon Crawl Stone Soup version 0.29-a0-613-gf2c431b9b9 (webtiles) character file.

Game seed: 253312344147487684

3292 moldycheese5 the Carver (level 9, -6/65 (69) HPs)
             Began as a Demonspawn Berserker on June 16, 2022.
             Was a Priest of Trog.
             Mangled by a +1 short sword of chaos (12 damage)
             ... on level 8 of the Dungeon.
             The game lasted 00:13:52 (8203 turns).

moldycheese5 the Carver (Demonspawn Berserker)      Turns: 8203, Time: 00:13:53

HP:   -6/65 (69)    AC: 22    Str: 21    XL:     9   Next: 69%
MP:   9/9           EV:  7    Int:  8    God:    Trog [***...]
Gold: 434           SH:  0    Dex: 26    Spells: 8/8 levels left

rFire   . . .      SeeInvis .   a - +0 falchion
rCold   . . .      Faith    .   v - +0 kite shield
rNeg    . . .      Spirit   .   B - +0 plate armour
rPois   .          Reflect  .   (helmet restricted)
rElec   .          Harm     .   o - +2 cloak
rCorr   .          Rampage  .   (no gloves)
Will    ++...                   (no boots)
Stlth   ..........              (no amulet)
HPRegen 1.20/turn               O - +6 ring of dexterity
MPRegen 0.11/turn               I - +6 ring of dexterity

@: confused, lethally poisoned (-6 -> -7), strong-willed (expiring), sanguine
armoured, on berserk cooldown, regenerating (expiring), slowed, drained, very
slow
A: horns 2, powered by death 1, sanguine armour 1
a: Renounce Religion, Berserk, Trog's Hand


You were on level 8 of the Dungeon.
You worshipped Trog.
Trog was most pleased with you.
You visited 1 branch of the dungeon, and saw 8 of its levels.

You collected 434 gold pieces.

Inventory:

Hand Weapons
 a - a +0 falchion (weapon)
Missiles
 s - a throwing net (quivered)
Armour
 b - a +0 animal skin
 g - a +0 scale mail
 o - a +2 cloak (worn)
 v - a +0 kite shield (worn)
 B - a +0 plate armour (worn)
Jewellery
 m - a ring of resist corrosion
 w - a ring of willpower
 G - a ring of positive energy
 H - a ring of willpower
 I - a +6 ring of dexterity (right hand)
 K - a ring of flight
 O - a +6 ring of dexterity (left hand)
Wands
 r - a wand of iceblast (16)
 J - a wand of flame (43)
 M - a wand of mindburst (8)
 P - a wand of quicksilver (12)
Scrolls
 e - 2 scrolls of blinking {unknown}
 f - 2 scrolls of brand weapon {unknown}
 k - 7 scrolls of identify {unknown}
 p - 2 scrolls of magic mapping {unknown}
 q - a scroll of immolation {unknown}
 u - a scroll of fear {unknown}
 x - a scroll of torment {unknown}
 y - a scroll of amnesia {unknown}
 A - a scroll of enchant armour {unknown}
 D - 5 scrolls of teleportation {unknown}
 F - 2 scrolls of noise {unknown}
 N - 2 scrolls of vulnerability {unknown}
 Q - a scroll of fog {unknown}
Potions
 c - 2 potions of magic {unknown}
 d - 5 potions of heal wounds {unknown}
 h - 2 potions of curing {unknown}
 i - a potion of flight {unknown}
 j - a potion of mutation {unknown}
 l - a potion of lignification {unknown}
 n - 3 potions of attraction {unknown}
 t - 2 potions of might {unknown}
 z - a potion of brilliance {unknown}
 C - a potion of degeneration {unknown}
 E - 2 potions of cancellation {unknown}
 L - a potion of invisibility {unknown}


   Skills:
 + Level 6.3 Fighting
 + Level 8.5 Long Blades
 + Level 6.4 Armour
 + Level 3.1 Dodging
 + Level 1.7 Stealth
 + Level 4.2 Shields


You had 8 spell levels left.
You didn't know any spells.
Your spell library was empty.

Dungeon Overview and Level Annotations

Branches:
Dungeon (8/15)             Temple (0/1) D:7
   Lair: D:8-11

Altars:
Ashenzari
Okawaru
Ru
Uskayaw
Vehumet
Xom
Yredelemnul
Zin
The Shining One

Annotations:
D:8 jlumianski's ghost, novice GrFi


Innate Abilities, Weirdness & Mutations

You have a pair of horns on your head.
You regenerate a little health from kills.
When seriously injured, your blood forms armour. (AC +6)


Message History

You bump into the translucent stone wall.
You are no longer berserk.
You are exhausted.
You feel yourself slow down. The +1 short sword of chaos hits you.
You feel drained. Jlumianski's ghost hits you.
You hit jlumianski's ghost.
Your headbutt misses jlumianski's ghost.
Jlumianski's ghost is lightly damaged.
You flicker for a moment.
You feel sick.
You are no longer poisoned.
The +1 short sword of chaos hits you.
Your blood congeals into armour.
You are poisoned.
The +1 short sword of chaos hits you. The +1 short sword of chaos burns you.
Jlumianski's ghost hits you!
The +1 short sword of chaos hits you but does no damage.
You're too confused to move!
You feel very sick. The +1 short sword of chaos hits you.
* * * LOW HITPOINT WARNING * * *
The +1 short sword of chaos burns you.
* * * LOW HITPOINT WARNING * * *
The +1 short sword of chaos hits you but does no damage.
Jlumianski's ghost hits you but does no damage.
The +1 short sword of chaos barely misses you.
Jlumianski's ghost hits you but does no damage.
You miss the +1 short sword of chaos.
Your headbutt misses the +1 short sword of chaos.
The +1 short sword of chaos is lightly damaged.
You feel the effects of Trog's Hand fading.
You feel very sick.
The +1 short sword of chaos hits you but does no damage.
Space warps around you!
* * * LOW HITPOINT WARNING * * *
The +1 short sword of chaos hits you but does no damage.
Jlumianski's ghost hits you but does no damage.
Okay, then.
You flicker back into view.
You feel sick. The +1 short sword of chaos hits you!
You die...

#.#.###.# #.......#.#####.##.#.#.
#.......###.....#.#.#####.##.....
###.......#.##..<...(.....#######
#.#####.#.##.##.######### #
#....##.#.##.##.# #
#.##............# ######### #
#.#####.###...### #.......####
#.......# #..(#.####.##........
######### #...@_.##.....##.##..
##.W#$##.#.#####.##.#
#..###.###.####.##.# ####
#.#.......##.# #.#######.... #.#
#.... #.# #.... #)# #.... #)##
#....


You could see a +1 short sword of chaos and jlumianski's ghost.

Vanquished Creatures
  Pikel (D:7)
  A steam dragon (D:7)
  2 water moccasins
  4 black bears
  2 sky beasts
  An ice beast (D:6)
  3 ogres
  4 phantoms (D:4)
  2 kobold brigands
  2 bullfrogs (D:7)
  A necrophage (D:7)
  A scorpion (D:5)
  A water moccasin zombie (D:4)
  A water moccasin skeleton (D:4)
  A howler monkey (D:8)
  A bullfrog zombie (D:4)
  A jelly (D:6)
  2 gnoll shamans
  A hound (D:6)
  2 orc priests
  A centaur skeleton (D:4)
  2 scorpion zombies (D:4)
  3 iguanas (D:6)
  2 orc wizards
  A hound skeleton (D:4)
  A howler monkey zombie (D:4)
  16 gnolls
  10 adders
  2 shadow imps (D:6)
  A white imp (D:8)
  An ufetubus (D:4)
  An adder zombie (D:4)
  2 adder skeletons (D:4)
  A worm (D:4)
  4 dart slugs (D:3)
  13 orcs
  4 ball pythons
  4 endoplasms
  6 giant cockroaches
  6 hobgoblins
  12 kobolds
  4 quokkas
  5 bats
  6 frilled lizards
  6 goblins
  5 rats
153 creatures vanquished.

Notes
Turn   | Place    | Note
-------+----------+-------------------------------------------
     0 | D:1      | moldycheese5 the Demonspawn Berserker began the quest for
                  | the Orb.
     0 | D:1      | Reached XP level 1. HP: 18/18 MP: 1/1
    49 | D:1      | Found a faded altar of an unknown god.
   404 | D:1      | Gained mutation: When seriously injured, your blood forms
                  | armour. (AC +6) [demonic ancestry]
   404 | D:1      | Reached XP level 2. HP: 20/24 MP: 2/2
  1155 | D:2      | Reached skill level 3 in Long Blades
  1180 | D:2      | Gained mutation: You regenerate a little health from kills.
                  | [demonic ancestry]
  1180 | D:2      | Reached XP level 3. HP: 19/29 MP: 3/3
  1359 | D:2      | Reached ** piety under Trog
  1374 | D:2      | Gained mutation: You have a pair of small horns on your
                  | head. [demonic ancestry]
  1374 | D:2      | Reached XP level 4. HP: 31/36 MP: 4/4
  1522 | D:2      | Reached skill level 1 in Stealth
  1914 | D:3      | Reached XP level 5. HP: 40/41 MP: 5/5
  2480 | D:3      | Reached skill level 4 in Long Blades
  2536 | D:4      | Noticed a phantom
  2556 | D:4      | Killed a phantom
  2702 | D:4      | Reached XP level 6. HP: 41/48 MP: 6/6
  2793 | D:4      | Found an iron altar of Okawaru.
  3021 | D:4      | Reached skill level 5 in Long Blades
  3144 | D:4      | Gained mutation: You have a pair of horns on your head.
                  | [demonic ancestry]
  3144 | D:4      | Reached XP level 7. HP: 28/54 MP: 7/7
  3442 | D:4      | Reached *** piety under Trog
  3959 | D:5      | Entered Level 5 of the Dungeon
  4208 | D:5      | Found a broken altar of Ashenzari.
  4209 | D:5      | Found a hide-covered altar of Uskayaw.
  4249 | D:5      | Reached skill level 6 in Long Blades
  4249 | D:5      | Reached skill level 1 in Shields
  4445 | D:5      | Reached XP level 8. HP: 24/61 MP: 8/8
  5200 | D:6      | Reached skill level 5 in Fighting
  5200 | D:6      | Reached skill level 5 in Armour
  5553 | D:6      | Found a sacrificial altar of Ru.
  5684 | D:6      | Reached skill level 7 in Long Blades
  5820 | D:6      | Found a basalt altar of Yredelemnul.
  6251 | D:6      | Reached XP level 9. HP: 31/68 MP: 9/9
  6772 | D:7      | Found a staircase to the Ecumenical Temple.
  7287 | D:7      | Noticed Pikel
  7315 | D:7      | Killed Pikel
  7316 | D:7      | Reached skill level 8 in Long Blades
  7717 | D:7      | Found a radiant altar of Vehumet.
  7820 | D:8      | Reached **** piety under Trog
  7956 | D:8      | Found a runed translucent door.
  7960 | D:8      | Found a shimmering altar of Xom.
  7960 | D:8      | Noticed jlumianski's ghost (novice GrFi)
  7960 | D:8      | Noticed a +1 short sword of chaos
  8203 | D:8      | Mangled by a +1 short sword of chaos

Illustrated notes

Levels and vault maps discovered:
D:1:      elethiomel_arrival_maze, layout_loops_cross,
          hellmonk_ecumenical_altar_heavens_door, hex_large, minivault_5,
          kennysheep_doodads
D:2:      layout_basic
D:3:      layout_basic
D:4:      layout_gridville, mainiacjoe_overflow_tiny_flanked, serial_undead,
          serial_undead_f, serial_undead_c, serial_undead_f, serial_undead_b,
          serial_undead_c, serial_undead_f, serial_undead_a
D:5:      layout_gridville, grunt_temple_overflow_open
D:6:      layout_loops_cross, mainiacjoe_overflow_cross_hatched,
          nicolae_ru_great_annihilating_truth, gup_sewer_entry_glass
D:7:      layout_basic, mainiacjoe_overflow_swirl, temple_pool_b, uniq_pikel
D:8:      layout_loops_cross, nicolae_tso_swordbearing_angel, ebering_ghost_xom,
          minivault_11

Skill      XL: |  1  2  3  4  5  6  7  8  9 |
---------------+----------------------------+-----
Armour         | 2 3 4 5 6 |  6.4
Long Blades    | 3 4 5 6 7 8 |  8.5
Dodging        | 2 3 |  3.1
Stealth        | 1 |  1.7
Fighting       | 4 5 6 |  6.3
Shields        | 1 3 4 |  4.2

Action                   |  1- 3 |  4- 6 |  7- 9 || total
-------------------------+-------+-------+-------++-------
Melee: Falchion          |    93 |   176 |   409 ||   678
       Headbutt          |       |    30 |    86 ||   116
       Punch             |       |     1 |       ||     1
Invok: Berserk           |     1 |     2 |     6 ||     9
       Trog's Hand       |       |     1 |     4 ||     5
 Stab: Sleeping          |     1 |       |       ||     1
       Invisible         |       |       |     4 ||     4
       Paralysed         |       |       |     1 ||     1
Armor: Scale mail        |    41 |   117 |    41 ||   199
       Animal skin       |     7 |       |       ||     7
       Plate armour      |       |       |   237 ||   237
Dodge: Dodged            |    75 |   132 |   121 ||   328
Block: Kite shield       |       |    10 |   191 ||   201

Table legend: (Time is in decaauts)
 A = Elapsed time spent in this place.
 B = Non-inter-level travel time spent in this place.
 C = Inter-level travel time spent in this place.
 D = Time resting spent in this place.
 E = Time spent auto-exploring this place.
 F = Levels seen in this place.
 G = Mean time per level.
                   A        B        C        D        E       F      G
               +--------+--------+--------+--------+--------+-----+--------+
         Total |   8354 |   7897 |    457 |   1415 |   5180 |   8 | 1044.2 |
       Dungeon |   8354 |   7897 |    457 |   1415 |   5180 |   8 | 1044.2 |
               +--------+--------+--------+--------+--------+-----+--------+

Top non-repeatable levels by time:
     D:4: 1454 daAuts
     D:6: 1441 daAuts
     D:7: 1279 daAuts
     D:5: 1179 daAuts
     D:1: 1159 daAuts
     D:2: 748 daAuts
     D:3: 670 daAuts
     D:8: 422 daAuts
